 Dungeon Crawl Stone Soup version 0.22.0-13-g43fe8f2 (webtiles) character file.

1114325 NormalPerson7T the Slayer (level 18, 76/163 HPs)
             Began as a Minotaur Enchanter on Aug 16, 2018.
             Was a Follower of Uskayaw.
             Escaped with the Orb
             ... and 3 runes!
             The game lasted 03:59:00 (95951 turns).

NormalPerson7T the Slayer (Minotaur Enchanter)     Turns: 95951, Time: 03:59:01

Health: 76/163     AC: 39    Str: 23    XL:     18   Next: 92%
Magic:  13/28      EV: 13    Int: 16    God:    Uskayaw [*.....]
Gold:   2861       SH: 18    Dex:  9    Spells: 18/19 levels left

rFire    + . .     SeeInvis +   N - +10 quick blade (elec)
rCold    + . .     Gourm    .   B - +4 shield "Bianedae" {rPois Str+2 Int+4}
rNeg     + . .     Faith    .   a - +7 storm dragon scales {rElec}
rPois    +         Spirit   +   o - +2 hat {SInv}
rElec    +         Reflect  .   k - +2 cloak {MR+}
rCorr    .         Harm     .   i - +3 pair of gauntlets of War {Slay+5}
MR       ++++.                  H - +2 pair of boots "Qutaobups" {rPois rF+ Dex-2}
Stlth    ..........             w - amulet of guardian spirit
HPRegen  0.37/turn              P - ring of the Leaf {rN+ MR+}
MPRegen  0.21/turn              C - ring of protection from cold

@: no status effects
A: retaliatory headbutt, reduced essence, horns 2, magic resistance 1, subdued
magic 1
0: Orb of Zot
}: 3/15 runes: serpentine, barnacled, slimy
a: Stomp, Renounce Religion


You escaped.
You worshipped Uskayaw.
Uskayaw was pleased with you.
You were very full.

You visited 11 branches of the dungeon, and saw 54 of its levels.
You visited 1 bazaar.
You also visited: Bailey and Volcano.

You collected 7194 gold pieces.
You spent 4333 gold pieces at shops.

Inventory:

Hand Weapons
 N - a +10 quick blade of electrocution (weapon)
Missiles
 q - 6 throwing nets (quivered) {!f}
Armour
 a - +7 storm dragon scales (worn) {rElec}
 i - the +3 pair of gauntlets of War (worn) {Slay+5}
   (You found it on level 3 of the Elven Halls)

   It affects your accuracy and damage with ranged weapons and melee attacks
   (+5).
 k - a +2 cloak of magic resistance (worn)
 o - a +2 hat of see invisible (worn)
 B - the +4 shield "Bianedae" (worn) {rPois Str+2 Int+4}
   (You acquired it in a bazaar)

   It affects your strength (+2).
   It affects your intelligence (+4).
   It protects you from poison.
 H - the +2 pair of boots "Qutaobups" (worn) {rPois rF+ Dex-2}
   (You found it in a volcano)

   It affects your dexterity (-2).
   It protects you from fire.
   It protects you from poison.
Jewellery
 w - an amulet of guardian spirit (around neck)
 A - an uncursed ring of protection from fire
 C - a ring of protection from cold (right hand)
 F - an uncursed ring of protection from fire
 K - the ring of the Messenger {+Inv rC+ MR- MP+9 SInv}
   (You acquired it on level 3 of the Elven Halls)

   [ring of protection from cold]

   It protects you from cold.
   It affects your resistance to hostile enchantments.
   It affects your magic capacity (+9).
   It lets you see invisible.
   It lets you turn invisible.
 L - the ring of Otuu {-Tele rC+ Slay+5 Stlth+}
   (You found it on level 3 of the Depths)

   [ring of protection from cold]

   It affects your accuracy and damage with ranged weapons and melee attacks
   (+5).
   It protects you from cold.
   It prevents most forms of teleportation.
   It makes you more stealthy.
 M - an uncursed ring of protection from magic
 P - the ring of the Leaf (left hand) {rN+ MR+}
   (You took it off a crimson imp on level 3 of the Depths)

   [ring of positive energy]

   It protects you from negative energy.
   It affects your resistance to hostile enchantments.
 R - an uncursed ring of resist corrosion
Wands
 b - a wand of clouds (11)
 G - a wand of enslavement (42)
 O - a wand of paralysis (49)
 Q - a wand of digging (20)
 V - a wand of acid (23)
 Y - a wand of iceblast (18)
Scrolls
 g - 3 scrolls of fog
 p - 5 scrolls of holy word
 r - 11 scrolls of remove curse
 s - 5 scrolls of summoning {!r}
 t - 12 scrolls of teleportation
 x - 3 scrolls of blinking
 E - 9 scrolls of fear
 I - 4 scrolls of vulnerability {!r}
Potions
 c - 15 potions of curing
 d - 11 potions of flight
 f - 2 potions of haste
 h - 15 potions of heal wounds
 j - 11 potions of lignification {!q}
 l - 3 potions of cancellation
 n - 7 potions of mutation {!q}
 u - 3 potions of agility
 v - 4 potions of resistance
 J - 2 potions of ambrosia
 T - 3 potions of berserk rage
 U - 2 potions of might
 W - 4 potions of magic
 X - a potion of invisibility
Miscellaneous
 y - a lightning rod (4/4)
 S - a phial of floods
 Z - 5 boxes of beasts
Comestibles
 e - 47 rations


   Skills:
 * Level 21.0 Fighting
 - Level 14.7 Short Blades
 + Level 18.1 Armour
 - Level 10.0 Dodging
 - Level 2.4 Stealth
 - Level 15.0 Shields
 - Level 1.3 Spellcasting
 - Level 2.0 Hexes
 + Level 14.7 Invocations
 - Level 6.0 Evocations


You had 18 spell levels left.
You knew the following spells:

 Your Spells              Type           Power        Failure   Level  Hunger
I - Corona                Hex            #......      32%         1    ##.....

Your spell library contained the following spells:

 Spells                   Type           Power        Failure   Level  Hunger
 Cause Fear               Hex            #.........   98%         4    #####..
 Magic Dart               Conj           #...         58%         1    ##.....
 Fireball                 Conj/Fire      #.........   100%        5    ######.
 Apportation              Tloc           #.....       58%         1    ##.....
 Conjure Flame            Conj/Fire      #.......     92%         3    ####...
 Bolt of Fire             Conj/Fire      #.........   100%        6    #######
 Bolt of Cold             Conj/Ice       #.........   100%        6    #######
 Lightning Bolt           Conj/Air       #.........   100%        5    ######.
 Slow                     Hex            #.......     45%         2    ###....
 Confuse                  Hex            #.......     69%         3    ####...
 Invisibility             Hex            #.......     100%        6    #######
 Throw Flame              Conj/Fire      #.....       73%         2    ###....
 Controlled Blink         Tloc           N/A          100%        8    #######
 Freezing Cloud           Conj/Ice/Air   #.........   100%        6    #######
 Mephitic Cloud           Conj/Pois/Air  #.......     92%         3    ####...
 Venom Bolt               Conj/Pois      #.........   100%        5    ######.
 Olgreb's Toxic Radiance  Pois           #.......     100%        4    #####..
 Teleport Other           Tloc           #.......     92%         3    ####...
 Summon Small Mammal      Summ           #...         58%         1    ##.....
 Lehudib's Crystal Spear  Conj/Erth      #.........   100%        8    #######
 Fire Storm               Conj/Fire      #.........   100%        9    #######
 Blink                    Tloc           N/A          73%         2    ###....
 Animate Dead             Necr           N/A          100%        4    #####..
 Pain                     Necr           #...         58%         1    ##.....
 Animate Skeleton         Necr           N/A          58%         1    ##.....
 Vampiric Draining        Necr           #.........   92%         3    ####...
 Ozocubu's Refrigeration  Ice            #.........   100%        6    #######
 Sticky Flame             Conj/Fire      #.......     100%        4    #####..
 Summon Ice Beast         Ice/Summ       #.......     100%        4    #####..
 Ozocubu's Armour         Chrm/Ice       #.......     92%         3    ####...
 Call Imp                 Summ           #.......     73%         2    ###....
 Poison Arrow             Conj/Pois      #.........   100%        6    #######
 Regeneration             Chrm/Necr      #.........   92%         3    ####...
 Sting                    Conj/Pois      #...         58%         1    ##.....
 Sublimation of Blood     Necr           #.........   73%         2    ###....
 Tukima's Dance           Hex            #.......     69%         3    ####...
 Stone Arrow              Conj/Erth      #.....       92%         3    ####...
 Swiftness                Chrm/Air       #.......     73%         2    ###....
 Recall                   Summ/Tloc      N/A          92%         3    ####...
 Statue Form              Tmut/Erth      #........    100%        6    #######
 Ice Form                 Ice/Tmut       #.......     100%        4    #####..
 Dragon Form              Tmut           #.........   100%        7    #######
 Death Channel            Necr           #.........   100%        6    #######
 Deflect Missiles         Chrm/Air       #.........   100%        6    #######
 Glaciate                 Conj/Ice       #.........   100%        9    #######
 Confusing Touch          Hex            #.....       32%         1    ##.....
 Flame Tongue             Conj/Fire      #....        58%         1    ##.....
 Passwall                 Tmut/Erth      #.......     73%         2    ###....
 Ignite Poison            Fire/Tmut/Pois #.......     92%         3    ####...
 Call Canine Familiar     Summ           #.......     92%         3    ####...
 Ensorcelled Hibernation  Hex/Ice        #.....       58%         2    ###....
 Metabolic Englaciation   Hex/Ice        #.........   100%        5    ######.
 Summon Butterflies       Summ           #.......     58%         1    ##.....
 Silence                  Hex/Air        #.........   100%        5    ######.
 Shatter                  Erth           #.........   100%        9    #######
 Dispersal                Tloc           #.........   100%        6    #######
 Static Discharge         Conj/Air       #.......     92%         3    ####...
 Alistair's Intoxication  Tmut/Pois      #.......     100%        5    ######.
 Lee's Rapid Deconstruct  Erth           #.........   100%        5    ######.
 Sandblast                Erth           #.....       58%         1    ##.....
 Simulacrum               Ice/Necr       #.........   100%        6    #######
 Conjure Ball Lightning   Conj/Air       #.........   100%        6    #######
 Chain Lightning          Conj/Air       #.........   100%        8    #######
 Excruciating Wounds      Chrm/Necr      #.........   100%        5    ######.
 Portal Projectile        Hex/Tloc       #.....       83%         3    ####...
 Petrify                  Tmut/Erth      #.......     100%        4    #####..
 Passage of Golubria      Tloc           N/A          100%        4    #####..
 Malign Gateway           Summ/Tloc      #.........   100%        7    #######
 Tornado                  Air            #.........   100%        9    #######
 Leda's Liquefaction      Hex/Erth       #.........   99%         4    #####..
 Summon Hydra             Summ           #.........   100%        7    #######
 Shroud of Golubria       Chrm/Tloc      #.........   73%         2    ###....
 Inner Flame              Hex/Fire       #.......     83%         3    ####...
 Aura of Abjuration       Summ           #.........   100%        5    ######.
 Disjunction              Tloc           #.........   100%        8    #######
 Dazzling Spray           Conj/Hex       #.....       83%         3    ####...
 Force Lance              Conj/Tloc      #.......     100%        4    #####..
 Summon Lightning Spire   Summ/Air       #.......     100%        4    #####..
 Summon Guardian Golem    Hex/Summ       #.......     83%         3    ####...
 Dragon's Call            Summ           #.........   100%        9    #######
 Summon Mana Viper        Hex/Summ       #.......     100%        5    ######.
 Hydra Form               Tmut           #.........   100%        6    #######
 Irradiate                Conj/Tmut      #.........   100%        5    ######.
 Gell's Gravitas          Tloc           #.........   92%         3    ####...
 Yara's Violent Unravell  Hex/Tmut       #.........   100%        5    ######.
 Lesser Beckoning         Tloc           #.........   92%         3    ####...
 Poisonous Vapours        Pois/Air       #.....       73%         2    ###....
 Ignition                 Fire           #.........   100%        8    #######
 Borgnjor's Vile Clutch   Necr/Erth      #.........   100%        5    ######.


Dungeon Overview and Level Annotations

Branches:
Dungeon (15/15)            Temple (1/1) D:5            Lair (6/6) D:9
 Shoals (4/4) Lair:4        Snake (4/4) Lair:2        Slime (5/5) Lair:6
    Orc (2/2) D:10            Elf (3/3) Orc:2        Vaults (4/5) D:13
  Crypt (0/3) Vaults:2     Depths (5/5) D:15            Zot (5/5) Depths:5

Altars:
Dithmenos
Elyvilon
Fedhas
Gozag
Hepliaklqana
Kikubaaqudgha
Makhleb
Nemelex Xobeh
Okawaru
Qazlal
Ru
Trog
Uskayaw
Vehumet
Xom
Yredelemnul
The Shining One
Jiyva

Shops:
D:10 *   D:14 (   Orc:2 :([*   Vaults:1 ?   Vaults:2 =   Vaults:3 *
Depths:3 *

Portals:
Hell: Depths:1 Depths:2 Depths:3 Depths:4 Depths:5
Abyss: Depths:2 Depths:3 Depths:4 Depths:5
Pandemonium: Depths:3
Ziggurat: Depths:5
Trove: Elf:1 (give +7 demon whip)

Annotations:
D:11 exclusion: ice statue
Lair:2 exclusion: 2 oklob plants
Shoals:1 2 transporters
Elf:2 3 runed doors
Vaults:4 Jory
Depths:5 2 runed doors


Innate Abilities, Weirdness & Mutations

You reflexively headbutt those who attack you in melee.
You have a pair of horns on your head.
Your life essence is reduced to manifest your ancestor. (-10% HP)
You are resistant to hostile enchantments. (MR+)
Your spells are a little easier to cast, but a little less powerful.


Message History

The throwing net {!f} hits the Brimstone Fiend.
The Brimstone Fiend is caught in the net!
You block the Orb Guardian's attack.
The Brimstone Fiend struggles against the net.
Unknown command.
Unknown command.
You block the Orb Guardian's attack.
The Brimstone Fiend struggles against the net.
The Orb Guardian hits you!! You block the Orb Guardian's attack.
The Brimstone Fiend struggles against the net.
The Brimstone Fiend calls on the powers of darkness!
Your body is wracked with pain!
The Orb Guardian convulses!
The Brimstone Fiend struggles against the net.
You block the Orb Guardian's attack.
There is a staircase leading out of the dungeon here.
The Orb Guardian hits you!
The Brimstone Fiend struggles against the net.
You have escaped!

...(....########.########....###>
.......## ###.....[.### ##...(.(.
##.#..## ##...........## ##..###.
#.#..# ##....#####....## #..# ##
#.#..# #...#########...# #..####
#.#.####..##.......##..####.....
#.#.# #...#..##'##..#...# #..###
#...# #..##.##.1.##.##..# #..###
#...# #..##.##.@.##.##..# #.....
#.#.# #..##.##.X.##.##..# #..##.
#...# #(..#..##.##..#...# #...#.
##...####..##.......##..####...#.
...#..# #...####.####...# #......
####..# ##....##'##....## #....##
##(.## ##.(.........## ##....##
#....## ###.......### ##.......
###.....#################....)...


You could see a Brimstone Fiend (caught) and an Orb Guardian.

Vanquished Creatures
  the Royal Jelly (Slime:5)
  Tiamat (Zot:4)
  4 orbs of fire
  4 ancient liches (Zot:5)
  The ghost of Riovvati the Slayer, a legendary KoAK of Lugonu (Zot:1)
  Frederick (Vaults:4)
  Margery (Vaults:3)
  Saint Roka (Snake:2)
  4 Killer Klowns
  2 caustic shrikes
  A curse toe (Zot:5)
  12 golden dragons
  2 bone dragons (Depths:5)
  A Brimstone Fiend (Depths:3)
  12 tentacled monstrosities
  An Ice Fiend (Depths:3)
  2 electric golems
  4 titans
  Rupert (D:12)
  A quicksilver dragon (Zot:4)
  5 liches
  Asterion (Elf:1)
  26 Orb Guardians
  15 acid blobs
  4 sphinxes
  8 death cobs
  Polyphemus (Shoals:3)
  Kirke (D:14)
  7 shadow dragons
  4 tengu reavers
  Gastronok (Orc:1)
  Donald (Elf:2)
  17 storm dragons
  4 draconian monks
  Ilsuiw (Shoals:2)
  8 nagarajas (Snake:4)
  3 fire giants
  14 frost giants
  12 azure jellies
  The ghost of Ycvaeteleg the Warrior, an adept GrFi of Qazlal (Snake:2)
  The ghost of Mohesij the Warrior, an adept GrFi of Qazlal (Snake:2)
  11 vault wardens
  An orc warlord (Orc:1)
  4 deep elf elementalists
  6 deep elf sorcerers
  4 draconian scorchers
  5 draconian shifters
  3 ghost moths
  Louise (Depths:4)
  A caustic shrike zombie (Depths:2)
  3 draconian knights
  4 ironheart preservers
  2 draconian annihilators
  2 draconian stormcallers
  20 very ugly things
  3 spriggan defenders
  20 stone giants
  2 entropy weavers
  A war gargoyle (Zot:1)
  Nessos (D:13)
  8 green draconians
  Azrael (D:15)
  6 deep elf demonologists
  3 vampire knights
  11 black draconians
  10 red draconians
  6 deep elf annihilators
  10 purple draconians
  9 white draconians
  5 spark wasps
  14 yellow draconians
  8 deep elf death magi
  Snorg (Orc:2)
  17 ettins
  5 merfolk javelineers
  An ettin (shapeshifter) (Vaults:2)
  8 fire dragons
  6 yaktaur captains
  14 merfolk impalers
  5 death oozes
  4 blizzard demons (Depths:3)
  5 deep elf high priests
  18 ice dragons
  19 great orbs of eyes
  7 vault guards
  5 hydras
  7 rakshasas
  2 catoblepae
  4 spriggan air magi
  5 merfolk avatars
  Erica (Lair:2)
  12 centaur warriors
  A catoblepas (shapeshifter) (Depths:3)
  9 naga warriors
  A death knight (Vaults:3)
  6 merfolk aquamancers
  21 anacondas
  6 tengu warriors
  29 two-headed ogres
  An alligator (shapeshifter) (Depths:4)
  13 ogre magi
  A satyr (Shoals:2)
  7 dancing weapons
  The ghost of Rorewn the Basher, a journeyman GrFi of Cheibriados (Orc:1)
  2 vampire magi (Depths:1)
  9 shock serpents
  13 deep troll shamans
  17 naga sharpshooters
  A shock serpent (shapeshifter) (Depths:3)
  11 deep troll earth magi
  2 orc high priests
  4 spriggan berserkers
  12 death yaks
  A sixfirhy (D:7)
  4 iron trolls
  Nergalle (Lair:2)
  19 deep elf knights
  17 hell knights
  4 skeletal warriors (D:15)
  A shadow wraith (Vaults:2)
  A fire crab (shapeshifter) (Vaults:2)
  An unseen horror (shapeshifter) (Vaults:1)
  4 salamander mystics
  4 flayed ghosts
  14 sea snakes
  5 unseen horrors
  A deep troll (shapeshifter) (Depths:3)
  A glowing orange brain (shapeshifter) (Depths:5)
  19 deep trolls
  3 glowing orange brains
  A kraken simulacrum (Shoals:4)
  4 naga ritualists
  23 orc knights
  12 necromancers
  An obsidian statue (Zot:5)
  6 ironbrand convokers
  12 deep elf archers
  A phantasmal warrior (Vaults:2)
  5 wizards
  35 harpies
  11 mana vipers
  A fire giant zombie (Vaults:4)
  5 orc sorcerers
  A salamander (shapeshifter) (Vaults:3)
  53 deep elf magi
  16 fauns
  6 wolf spiders
  37 ugly things
  16 cyclopes
  A faun (shapeshifter) (Vaults:3)
  3 shining eyes
  18 salamanders
  10 manticores
  A rust devil (Depths:5)
  6 elephants (Lair:2)
  15 merfolk sirens
  10 guardian serpents
  25 naga magi
  10 moths of wrath
  32 black mambas
  An eye of devastation (Slime:4)
  4 vault sentinels
  An orange demon (Zot:3)
  3 water nymphs
  A stone giant skeleton (Vaults:4)
  Joseph (D:9)
  A spiny frog (shapeshifter) (Vaults:4)
  4 gargoyles
  6 spiny frogs
  4 hellions (Depths:3)
  A rime drake (shapeshifter) (D:14)
  A kobold demonologist (D:14)
  3 rime drakes
  3 komodo dragons
  33 yaktaurs
  4 efreet
  2 freezing wraiths
  3 yaktaurs (shapeshifter)
  5 tengu conjurers
  A spriggan skeleton (Depths:2)
  A guardian mummy (Zot:2)
  2 queen bees (shapeshifter) (D:15)
  5 trolls
  A yaktaur skeleton (Vaults:4)
  32 merfolk
  4 meliai (D:13)
  A meliai (shapeshifter) (Depths:3)
  8 wind drakes
  A hornet (shapeshifter) (D:15)
  7 polar bears
  An ettin zombie (Vaults:4)
  2 jumping spiders (shapeshifter)
  15 hornets
  16 dream sheep
  A meliai zombie (D:15)
  12 blink frogs
  5 snapping turtles
  10 hippogriffs
  74 slime creatures
  A raiju (shapeshifter) (Vaults:1)
  3 small abominations
  3 air elementals
  3 shadows
  8 water elementals
  16 humans
  34 yaks
  A vampire (D:11)
  8 redbacks (Snake:2)
  A spriggan (shapeshifter) (D:14)
  A hog (D:14)
  7 wraiths
  17 spriggans
  6 wyverns
  4 hungry ghosts
  2 golden eyes (shapeshifter)
  3 basilisks
  A yak (shapeshifter) (Vaults:1)
  12 fire elementals
  A steam dragon (shapeshifter) (Vaults:1)
  6 chaos spawn (Depths:2)
  A swamp worm (shapeshifter) (Vaults:2)
  10 large abominations
  8 wargs
  A basilisk (shapeshifter) (Vaults:4)
  An acid dragon (Vaults:2)
  A soldier ant (shapeshifter) (Vaults:3)
  13 water moccasins
  A soldier ant (D:11)
  69 nagas
  6 floating eyes
  2 hell hounds (D:15)
  46 orc warriors
  7 porcupines
  A hornet zombie (D:10)
  8 ice beasts
  5 sky beasts
  3 black bears
  2 human zombies (Vaults:4)
  A spriggan simulacrum (Depths:2)
  2 necrophages
  A phantom (D:12)
  9 eyes of draining
  16 boggarts
  29 wolves
  31 ogres
  20 crocodiles
  25 centaurs
  3 elf zombies (Elf:3)
  A big kobold (D:9)
  16 bullfrogs
  A gnoll sergeant (Orc:2)
  5 earth elementals
  A wyvern skeleton (D:6)
  3 scorpions
  A human simulacrum (Vaults:4)
  An elf simulacrum (Vaults:4)
  9 howler monkeys
  5 wights (D:12)
  2 centaur zombies
  15 crimson imps
  A quasit (Depths:3)
  2 bullfrog skeletons
  2 bullfrog zombies
  6 centaur skeletons
  12 hounds
  5 jellies
  A gnoll shaman (D:10)
  7 orc priests
  Crazy Yiuf (D:4)
  An iron imp (Depths:5)
  4 iguanas
  25 orc wizards
  11 worker ants
  A hound skeleton (D:8)
  2 worker ant zombies
  11 gnolls
  14 adders
  A river rat (D:3)
  6 shadow imps
  7 white imps (Depths:3)
  2 oozes
  An adder zombie (D:7)
  3 adder skeletons
  2 worms
  A dart slug (D:1)
  7 leopard geckos
  114 orcs
  18 bats
  6 giant cockroaches
  12 goblins
  5 hobgoblins
  13 jackals
  2 quokkas
  2 ball pythons
  A ball python zombie (D:3)
  14 frilled lizards
  16 kobolds
  A leopard gecko skeleton (D:6)
  A quokka skeleton (D:5)
  11 rats
  A fungus (Orc:2)
  A tentacle (Shoals:4)
2321 creatures vanquished.

Vanquished Creatures (collateral kills)
  2 shining eyes (Slime:5)
  2 merfolk (Shoals:2)
4 creatures vanquished.

Vanquished Creatures (others)
  An ice dragon (Depths:5)
  A deep elf archer (Elf:2)
  A deep elf mage (Elf:2)
  A centaur zombie (D:15)
  A merfolk siren (Shoals:2)
  A human (D:14)
  An orc warrior (Vaults:3)
  A howler monkey (D:14)
  A crimson imp (Depths:3)
  A white imp (Zot:5)
  2 bushes (D:9)
  10 fungi
  15 plants
  3 tentacles (Shoals:4)
40 creatures vanquished.

Grand Total: 2365 creatures vanquished

Notes
Turn   | Place    | Note
-------+----------+-------------------------------------------
     0 | D:1      | NormalPerson7T the Minotaur Enchanter began the quest for the Orb.
     0 | D:1      | Reached XP level 1. HP: 14/14 MP: 1/1
   198 | D:1      | Reached skill level 1 in Fighting
   200 | D:1      | Reached XP level 2. HP: 19/23 MP: 3/3
   665 | D:1      | Reached XP level 3. HP: 29/29 MP: 4/4
  1102 | D:1      | Reached skill level 2 in Fighting
  1508 | D:2      | Reached XP level 4. HP: 37/37 MP: 5/5
  2083 | D:3      | Found a faded altar of an unknown god.
  2112 | D:3      | Found a shadowy altar of Dithmenos.
  2291 | D:3      | Found a glowing drain.
  2367 | D:3      | Reached skill level 3 in Fighting
  2367 | D:3      | Reached XP level 5. HP: 30/45 MP: 6/6
  2825 | D:4      | Reached skill level 5 in Short Blades
  2937 | D:4      | Reached XP level 6. HP: 52/52 MP: 7/7
  3020 | D:4      | Reached skill level 4 in Fighting
  3911 | D:3      | Reached XP level 7. HP: 46/60 MP: 8/8
  4373 | D:4      | Found a runed door.
  4437 | D:4      | Noticed Crazy Yiuf
  4453 | D:4      | Killed Crazy Yiuf
  4789 | D:5      | Entered Level 5 of the Dungeon
  4792 | D:5      | Reached skill level 5 in Fighting
  4921 | D:5      | Found a staircase to the Ecumenical Temple.
  5080 | Temple   | Entered the Ecumenical Temple
  5103 | Temple   | Became a worshipper of Uskayaw the Reveler
  5165 | D:5      | Reached * piety under Uskayaw
  5261 | D:5      | Reached skill level 1 in Armour
  5266 | D:5      | Reached ** piety under Uskayaw
  5419 | D:5      | Reached *** piety under Uskayaw
  5421 | D:5      | Reached skill level 1 in Invocations
  5423 | D:5      | Reached **** piety under Uskayaw
  5614 | D:6      | Reached XP level 8. HP: 67/70 MP: 9/9
  5706 | D:6      | Reached skill level 6 in Fighting
  6870 | D:7      | Reached skill level 1 in Shields
  7093 | D:7      | Found an ancient bone altar of Kikubaaqudgha.
  7669 | D:8      | Reached XP level 9. HP: 73/78 MP: 10/10
  7673 | D:8      | Noticed a two-headed ogre
  8091 | D:8      | Reached skill level 7 in Fighting
  8401 | D:9      | Noticed Joseph
  8490 | D:9      | Killed Joseph
  8490 | D:9      | Reached skill level 5 in Armour
  8702 | D:9      | Noticed a two-headed ogre
  8966 | D:8      | Reached skill level 10 in Short Blades
  9310 | D:8      | Reached skill level 8 in Fighting
  9314 | D:8      | Reached XP level 10. HP: 38/88 MP: 4/12
  9314 | D:8      | Reached ***** piety under Uskayaw
  9559 | D:9      | Found a staircase to the Lair.
  9615 | D:9      | Reached skill level 5 in Invocations
  9638 | D:9      | Killed a two-headed ogre
  9780 | D:9      | Got a heavily runed scale mail
  9791 | D:9      | Identified the +6 scale mail of the Hot Ocelot {rC+ rCorr Str+3 Int+3} (You found it on level 9 of the Dungeon)
 10237 | D:10     | Entered Level 10 of the Dungeon
 10405 | D:10     | Found a staircase to the Orcish Mines.
 10573 | D:10     | Found Zadamn's Assorted Antiques.
 10584 | D:10     | Bought a scroll of identify for 62 gold pieces
 10856 | D:11     | Noticed an ice statue
 10900 | D:11     | Reached skill level 9 in Fighting
 10968 | D:11     | Noticed a gargoyle
 10983 | D:11     | Killed a gargoyle
 11236 | D:11     | Reached XP level 11. HP: 97/97 MP: 14/14
 11242 | D:11     | Reached ****** piety under Uskayaw
 11246 | D:11     | Noticed a red ugly thing
 11667 | D:11     | Noticed a two-headed ogre
 11677 | D:11     | Killed a two-headed ogre
 12192 | Lair:1   | Entered Level 1 of the Lair of Beasts
 12407 | Lair:1   | Reached skill level 10 in Fighting
 13507 | Lair:2   | Noticed an oklob plant
 13507 | Lair:2   | Noticed an oklob plant
 13853 | Lair:2   | Found a staircase to the Snake Pit.
 14555 | Lair:1   | Reached XP level 12. HP: 44/108 MP: 10/16
 15007 | Lair:2   | Noticed Erica
 15025 | Lair:2   | Killed Erica
 15416 | Lair:3   | Noticed Nergalle
 15446 | Lair:2   | Killed Nergalle
 15446 | Lair:2   | Reached skill level 11 in Fighting
 15529 | Lair:2   | Reached skill level 10 in Armour
 15693 | Lair:4   | Noticed a death yak
 15940 | Lair:4   | Found a dark tunnel.
 15948 | Volcano  | Entered a volcano
 16005 | Volcano  | Got a pair of spiked boots
 16011 | Volcano  | Identified the +2 pair of boots "Qutaobups" {rPois rF+ Dex-2} (You found it in a volcano)
 16121 | Volcano  | Noticed a stone giant
 16134 | Volcano  | Killed a stone giant
 16542 | Lair:4   | Noticed a death yak
 16547 | Lair:4   | Noticed a death yak
 16571 | Lair:4   | Killed a death yak
 16573 | Lair:4   | Killed a death yak
 16573 | Lair:4   | Noticed a death yak
 16576 | Lair:4   | Noticed a death yak
 16594 | Lair:4   | Killed a death yak
 16608 | Lair:4   | Killed a death yak
 16640 | Lair:4   | Killed a death yak
 16640 | Lair:4   | Reached XP level 13. HP: 33/117 MP: 4/18
 17067 | Lair:4   | Found a staircase to the Shoals.
 17116 | Lair:4   | Reached skill level 12 in Fighting
 17450 | Lair:5   | Found a shimmering altar of Xom.
 17993 | Lair:6   | Entered Level 6 of the Lair of Beasts
 18077 | Lair:6   | Found a staircase to the Slime Pits.
 18077 | Lair:6   | Found a viscous altar of Jiyva.
 18429 | Lair:6   | Reached skill level 5 in Dodging
 18824 | Lair:6   | Reached skill level 10 in Invocations
 19418 | Lair:6   | Reached skill level 13 in Fighting
 19681 | Lair:6   | Reached XP level 14. HP: 119/129 MP: 17/20
 21305 | D:13     | Found a gate to the Vaults.
 21305 | D:13     | Noticed Rupert
 21305 | D:13     | Noticed Nessos
 21763 | D:12     | Killed Rupert
 21763 | D:12     | Reached skill level 5 in Shields
 22276 | D:13     | You fall through a shaft for 2 floors!
 22276 | D:15     | Entered Level 15 of the Dungeon
 22276 | D:15     | Found a blossoming altar of Fedhas.
 22741 | D:14     | Found a flagged portal.
 22756 | Bailey   | Entered a bailey
 23335 | D:14     | Noticed Kirke
 23348 | D:14     | Killed Kirke
 23348 | D:14     | Reached skill level 14 in Fighting
 24052 | D:14     | Reached XP level 15. HP: 138/138 MP: 22/22
 24323 | D:14     | Found Kesaass's Antique Weapon Boutique.
 24463 | D:14     | Found Kesaass's Antique Weapon Boutique.
 25183 | D:13     | Killed Nessos
 25647 | D:13     | Found a glowing golden altar of the Shining One.
 25872 | Orc:1    | Entered Level 1 of the Orcish Mines
 25872 | Orc:1    | Found a large runed door.
 25873 | Orc:1    | Found a large runed door.
 25896 | Orc:1    | Noticed Rorewn's ghost (journeyman GrFi)
 25896 | Orc:1    | Noticed Gastronok
 25916 | Orc:1    | Killed Gastronok
 26302 | Orc:1    | Killed Rorewn's ghost
 26309 | Orc:1    | Identified the Catalogue of the Spatial Snowflakes
 26405 | Orc:2    | Entered Level 2 of the Orcish Mines
 26425 | Orc:2    | Reached skill level 15 in Armour
 26533 | Orc:2    | Noticed an orc warlord
 26594 | Orc:1    | Killed an orc warlord
 27927 | Orc:2    | Found Soadakhe's General Store.
 27934 | Orc:2    | Found Qoosadghi's Antique Armour Emporium.
 27952 | Orc:2    | Reached skill level 15 in Fighting
 28229 | Orc:2    | Noticed Snorg
 28255 | Orc:2    | Killed Snorg
 28345 | Orc:2    | Reached skill level 10 in Shields
 28613 | Orc:2    | Found Upeiklemn's Antique Weapon Emporium.
 28680 | Orc:2    | Found a staircase to the Elven Halls.
 28720 | Orc:2    | Found Eskyoqai's Book Shop.
 28861 | Orc:2    | Bought the +7 plate armour of Words of Power {Str+3 Int-3 Dex+4} for 880 gold pieces
 29002 | Snake:1  | Entered Level 1 of the Snake Pit
 29076 | Snake:1  | Reached skill level 1 in Evocations
 30243 | Snake:2  | Reached XP level 16. HP: 120/151 MP: 17/24
 30738 | Snake:2  | Reached skill level 16 in Fighting
 30944 | Snake:2  | Found a runed gate.
 30944 | Snake:2  | Found a runed gate.
 30944 | Snake:2  | Found a runed gate.
 30980 | Snake:2  | Found a runed gate.
 30981 | Snake:2  | Found a runed gate.
 30981 | Snake:2  | Found a runed gate.
 30994 | Snake:2  | Noticed Mohesij's ghost (adept GrFi)
 30994 | Snake:2  | Noticed Ycvaeteleg's ghost (adept GrFi)
 31091 | Snake:2  | Killed Mohesij's ghost
 31101 | Snake:2  | Killed Ycvaeteleg's ghost
 31573 | Snake:2  | Noticed Saint Roka
 31594 | Snake:2  | Killed Saint Roka
 32574 | Snake:3  | Reached skill level 17 in Fighting
 33040 | Snake:4  | Entered Level 4 of the Snake Pit
 33290 | Snake:4  | Reached skill level 5 in Evocations
 33545 | Snake:4  | Reached XP level 17. HP: 152/161 MP: 25/25
 34948 | Snake:4  | Reached skill level 18 in Fighting
 35885 | Snake:4  | Reached skill level 19 in Fighting
 36131 | Snake:4  | Got a serpentine rune of Zot
 36319 | Shoals:1 | Entered Level 1 of the Shoals
 36347 | Shoals:1 | Reached skill level 15 in Shields
 36555 | Shoals:1 | Found a transporter.
 36947 | Shoals:1 | Found a transporter.
 37377 | Shoals:2 | Reached XP level 18. HP: 155/176 MP: 25/27
 37651 | Temple   | Fell from the grace of Uskayaw
 37651 | Temple   | Became a worshipper of Hepliaklqana the Forgotten
 37656 | Temple   | Fell from the grace of Hepliaklqana
 37656 | Temple   | Became a worshipper of Uskayaw the Reveler
 38412 | Shoals:2 | Noticed Ilsuiw
 38472 | Shoals:2 | Killed Ilsuiw
 39212 | Shoals:3 | Noticed Polyphemus
 39220 | Shoals:3 | Killed Polyphemus
 39252 | Shoals:3 | Identified a scroll of acquirement
 39265 | Shoals:3 | Identified a +0 pair of boots of running (You acquired it on level 3 of the Shoals)
 40406 | Shoals:4 | Entered Level 4 of the Shoals
 41951 | Shoals:4 | Got a barnacled rune of Zot
 42295 | Elf:1    | Entered Level 1 of the Elven Halls
 42400 | Elf:1    | Found an ancient bone altar of Kikubaaqudgha.
 42411 | Elf:1    | Found a portal to a secret trove of treasure.
 42479 | Elf:1    | Found a flickering gateway to a bazaar.
 42485 | Bazaar   | Entered a bazaar
 42485 | Bazaar   | Found Geruuvoth's Gadget Emporium.
 42492 | Bazaar   | Found Diwepsy's Antique Armour Boutique.
 42512 | Bazaar   | Found Zownisoczi's Antique Weapon Emporium.
 42523 | Bazaar   | Found Etucuriwk's General Store.
 42531 | Bazaar   | Found Qaofroishryi's Magic Scroll Shop.
 42539 | Bazaar   | Bought a scroll of acquirement for 468 gold pieces
 42540 | Bazaar   | Got a brightly glowing shield
 42551 | Bazaar   | Identified the +4 shield "Bianedae" {rPois Str+2 Int+4} (You acquired it in a bazaar)
 42562 | Bazaar   | Bought a scroll of enchant armour for 90 gold pieces
 42584 | Bazaar   | Bought a shiny plate armour for 494 gold pieces
 42627 | Bazaar   | Bought 3 scrolls of summoning for 256 gold pieces
 42754 | Elf:1    | Noticed Asterion
 42775 | Elf:1    | Killed Asterion
 44019 | Elf:2    | Noticed Donald
 44045 | Elf:2    | Killed Donald
 44558 | Elf:2    | Found a runed gate.
 44558 | Elf:2    | Found a runed gate.
 44559 | Elf:2    | Found a runed gate.
 45091 | D:15     | Found a stormy altar of Qazlal.
 45210 | D:15     | Got a bound wooden ring
 45212 | D:15     | Identified the ring "Ixoni" {+Blink rN+ Int+4 Stlth+} (You found it on level 15 of the Dungeon)
 45602 | D:15     | Found a staircase to the Depths.
 46094 | D:15     | Noticed Azrael
 46110 | D:15     | Killed Azrael
 46125 | D:15     | Got a warped steel ring
 46127 | D:15     | Identified the ring of Ijeunoiq {MP+9 Slay+2} (You found it on level 15 of the Dungeon)
 46205 | D:15     | Found the +2 robe of Vines {NoPotionHeal Regen+7}
 46237 | D:15     | Found a sparkling altar of Nemelex Xobeh.
 46259 | D:15     | Got an encrusted cloak
 46270 | D:15     | Identified the -7 cloak "Geulueqi" {MR+ Str+6 Int+2} (You found it on level 15 of the Dungeon)
 46455 | Vaults:1 | Entered Level 1 of the Vaults
 46514 | Vaults:1 | Was forgiven by Hepliaklqana
 46989 | Temple   | Fell from the grace of Uskayaw
 46989 | Temple   | Became a worshipper of Hepliaklqana the Forgotten
 46994 | Temple   | Fell from the grace of Hepliaklqana
 46994 | Temple   | Became a worshipper of Uskayaw the Reveler
 47389 | Vaults:1 | Found Rysy's Magic Scroll Shop.
 47399 | Vaults:1 | Bought a scroll of blinking for 120 gold pieces
 47399 | Vaults:1 | Bought a scroll of teleportation for 48 gold pieces
 47399 | Vaults:1 | Bought a scroll of teleportation for 48 gold pieces
 47399 | Vaults:1 | Bought a scroll of fog for 32 gold pieces
 48703 | Vaults:2 | Found Syettoco's Jewellery Shop.
 49281 | Vaults:2 | Found a staircase to the Crypt.
 50233 | Vaults:3 | Found Ulu Tol's General Store.
 50241 | Vaults:3 | Bought a potion of might for 80 gold pieces
 51806 | Vaults:4 | Noticed a lich
 51934 | Vaults:4 | Noticed Margery
 52129 | Vaults:3 | Killed Margery
 52428 | Vaults:4 | Noticed Frederick
 52447 | Vaults:4 | Killed Frederick
 52618 | Vaults:4 | Noticed Jory
 52876 | Vaults:4 | Killed a lich
 53612 | Vaults:4 | Was forgiven by Hepliaklqana
 54021 | Elf:3    | Entered Level 3 of the Elven Halls
 54431 | Temple   | Fell from the grace of Uskayaw
 54431 | Temple   | Became a worshipper of Hepliaklqana the Forgotten
 54436 | Temple   | Fell from the grace of Hepliaklqana
 54436 | Temple   | Became a worshipper of Uskayaw the Reveler
 55426 | Elf:3    | Identified the Compendium of Unholy Rites
 56969 | Elf:3    | Found the +3 pair of gauntlets of War {Slay+5}
 57040 | Elf:3    | Got a flickering iron ring
 57042 | Elf:3    | Identified the ring of the Messenger {+Inv rC+ MR- MP+9 SInv} (You acquired it on level 3 of the Elven Halls)
 57360 | Depths:1 | Entered Level 1 of the Depths
 57360 | Depths:1 | Found a gateway to Hell.
 59618 | Depths:2 | Noticed a lich
 59652 | Depths:2 | Killed a lich
 59928 | Depths:2 | Identified the Grimoire of the Gliding Escort
 59938 | Depths:2 | Identified the Reference Book on Self-Knowledge and the Snowflakes
 60709 | Depths:2 | Found a one-way gate to the infinite horrors of the Abyss.
 61129 | Depths:3 | Found Tilodghe's Assorted Antiques.
 61137 | Depths:3 | Bought a wand of acid (9) for 200 gold pieces
 61255 | Depths:3 | Noticed a Brimstone Fiend
 61279 | Depths:3 | Killed a Brimstone Fiend
 61279 | Depths:3 | Was forgiven by Hepliaklqana
 61322 | Depths:3 | Reached skill level 10 in Dodging
 61829 | Depths:3 | Found a one-way gate leading to the halls of Pandemonium.
 61860 | Depths:3 | Reached skill level 20 in Fighting
 61954 | Depths:3 | Noticed an Ice Fiend
 62039 | Depths:3 | Killed an Ice Fiend
 62334 | Depths:3 | Got an ancient golden ring
 62336 | Depths:3 | Identified the ring of Otuu {-Tele rC+ Slay+5 Stlth+} (You found it on level 3 of the Depths)
 62411 | Depths:3 | Got a twitching glass ring
 62413 | Depths:3 | Identified the ring of the Leaf {rN+ MR+} (You took it off a crimson imp on level 3 of the Depths)
 62627 | Depths:3 | Noticed a golden dragon
 62628 | Depths:3 | Noticed a caustic shrike
 62649 | Depths:3 | Killed a golden dragon
 62693 | Depths:3 | Noticed a golden dragon
 62710 | Depths:3 | Killed a golden dragon
 62717 | Depths:3 | Killed a caustic shrike
 62852 | Depths:3 | Paralysed by a floating eye for 2 turns
 63164 | Depths:3 | Reached skill level 21 in Fighting
 63165 | Depths:3 | Identified the Catalogue of the Snowflakes and Clay
 63457 | Temple   | Fell from the grace of Uskayaw
 63457 | Temple   | Became a worshipper of Hepliaklqana the Forgotten
 63462 | Temple   | Fell from the grace of Hepliaklqana
 63462 | Temple   | Became a worshipper of Uskayaw the Reveler
 63794 | Depths:3 | Noticed a lich
 63794 | Depths:3 | Noticed a tentacled monstrosity
 63806 | Depths:3 | Killed a tentacled monstrosity
 63809 | Depths:3 | Killed a lich
 63841 | Depths:3 | Found the +3 salamander hide armour {+Rage rF++}
 64006 | Depths:4 | Noticed Louise
 64022 | Depths:4 | Killed Louise
 64553 | Depths:4 | Noticed a golden dragon
 64855 | Depths:4 | Killed a golden dragon
 65156 | Depths:4 | Noticed a caustic shrike
 65182 | Depths:4 | Killed a caustic shrike
 65795 | Depths:5 | Entered Level 5 of the Depths
 66315 | Depths:5 | Found a sparkling altar of Nemelex Xobeh.
 66330 | Depths:5 | Found a gateway to a ziggurat.
 66659 | Depths:5 | Noticed a golden dragon
 66665 | Depths:5 | Noticed a golden dragon
 66672 | Depths:5 | Killed a golden dragon
 66686 | Depths:5 | Killed a golden dragon
 66888 | Depths:5 | Noticed a bone dragon
 66903 | Depths:5 | Killed a bone dragon
 67448 | Temple   | Fell from the grace of Uskayaw
 67448 | Temple   | Became a worshipper of Hepliaklqana the Forgotten
 67454 | Temple   | Fell from the grace of Hepliaklqana
 67454 | Temple   | Became a worshipper of Uskayaw the Reveler
 67859 | Depths:5 | Noticed a bone dragon
 68235 | Depths:5 | Noticed a golden dragon
 68420 | Depths:5 | Killed a bone dragon
 68582 | Depths:5 | Killed a golden dragon
 68839 | Depths:5 | Found a runed door.
 68843 | Depths:5 | Found a runed door.
 68883 | Depths:5 | Found a runed door.
 69053 | Depths:5 | Found a runed door.
 69116 | Depths:5 | Found a gate to the Realm of Zot.
 69178 | Depths:5 | Found a runed door.
 69182 | Depths:5 | Found a runed door.
 70097 | Slime:1  | Entered Level 1 of the Pits of Slime
 70643 | Depths:3 | Bought a phial of floods for 1000 gold pieces
 71573 | Slime:5  | Entered Level 5 of the Pits of Slime
 71665 | Slime:5  | Noticed the Royal Jelly
 72255 | Slime:5  | Paralysed by a floating eye for 4 turns
 72392 | Slime:4  | Gained mutation: You are frail. (-10% HP) [a shining eye]
 72396 | Slime:4  | Gained mutation: Scrolls take you a little longer to read. [a shining eye]
 72405 | Slime:4  | Lost mutation: You are frail. (-10% HP) [potion of mutation]
 72405 | Slime:4  | Lost mutation: Scrolls take you a little longer to read. [potion of mutation]
 72405 | Slime:4  | Gained mutation: Your flesh is cold resistant. (rC+) [potion of mutation]
 72405 | Slime:4  | Gained mutation: You are weak. (Str -2) [potion of mutation]
 72405 | Slime:4  | Lost mutation: You are weak. (Str -2) [potion of mutation]
 72534 | Slime:5  | Found a viscous altar of Jiyva.
 72925 | Slime:5  | Killed the Royal Jelly
 73300 | Slime:5  | Identified Sif Muna's Compendium of the Mutagenic Arsonist
 73312 | Slime:5  | Got a slimy rune of Zot
 74380 | Temple   | Fell from the grace of Uskayaw
 74380 | Temple   | Became a worshipper of Hepliaklqana the Forgotten
 74385 | Temple   | Fell from the grace of Hepliaklqana
 74385 | Temple   | Became a worshipper of Uskayaw the Reveler
 74971 | Vaults:2 | Bought an uncursed ring of protection from fire for 475 gold pieces
 75276 | Zot:1    | Entered Level 1 of the Realm of Zot
 75395 | Zot:1    | Noticed a tentacled monstrosity
 75407 | Zot:1    | Killed a tentacled monstrosity
 75605 | Zot:1    | Noticed a tentacled monstrosity
 75623 | Zot:1    | Killed a tentacled monstrosity
 75652 | Zot:1    | Noticed a tentacled monstrosity
 75662 | Zot:1    | Killed a tentacled monstrosity
 75872 | Zot:1    | Found a runed door.
 75875 | Zot:1    | Noticed Riovvati's ghost (legendary KoAK)
 75937 | Zot:1    | Killed Riovvati's ghost
 75940 | Zot:1    | Identified the Collected Works on Flying Heat
 76117 | Zot:1    | You fall through a shaft!
 76137 | Zot:1    | Noticed a golden dragon
 76156 | Zot:1    | Noticed a tentacled monstrosity
 76157 | Zot:1    | Noticed a golden dragon
 76381 | Zot:1    | Noticed a tentacled monstrosity
 76392 | Zot:1    | Killed a tentacled monstrosity
 76782 | Zot:1    | Killed a tentacled monstrosity
 76793 | Zot:1    | Killed a golden dragon
 76817 | Zot:1    | Killed a golden dragon
 76926 | Zot:1    | Identified the ring of Fragile Peace {rC+ Int+4} (You took it off a yellow draconian on level 1 of the Realm of Zot)
 77225 | Zot:1    | Noticed a Killer Klown
 77258 | Zot:1    | Killed a Killer Klown
 78439 | Zot:4    | Noticed a golden dragon
 78440 | Zot:4    | Noticed a tentacled monstrosity
 78460 | Zot:4    | Killed a tentacled monstrosity
 78463 | Zot:4    | Killed a golden dragon
 78846 | Zot:4    | Noticed Tiamat
 78943 | Zot:4    | Noticed a tentacled monstrosity
 78960 | Zot:4    | Killed a tentacled monstrosity
 78994 | Zot:4    | Noticed a tentacled monstrosity
 79019 | Zot:4    | Killed a tentacled monstrosity
 79891 | Zot:4    | Noticed a tentacled monstrosity
 79906 | Zot:4    | Killed a tentacled monstrosity
 80031 | Zot:3    | Noticed a tentacled monstrosity
 80047 | Zot:3    | Killed a tentacled monstrosity
 80064 | Zot:3    | Noticed an orb of fire
 80109 | Zot:3    | Gained mutation: You have large cloven feet. [an orb of fire]
 80117 | Zot:3    | Killed an orb of fire
 80302 | Zot:4    | Noticed a golden dragon
 80307 | Zot:4    | Killed a golden dragon
 80307 | Zot:4    | Was forgiven by Hepliaklqana
 80700 | Temple   | Fell from the grace of Uskayaw
 80700 | Temple   | Became a worshipper of Hepliaklqana the Forgotten
 80712 | Temple   | Fell from the grace of Hepliaklqana
 80712 | Temple   | Became a worshipper of Uskayaw the Reveler
 81205 | Zot:4    | Killed Tiamat
 82796 | Temple   | Fell from the grace of Uskayaw
 82796 | Temple   | Became a worshipper of Hepliaklqana the Forgotten
 82801 | Temple   | Fell from the grace of Hepliaklqana
 82801 | Temple   | Became a worshipper of Uskayaw the Reveler
 83448 | Zot:5    | Entered Level 5 of the Realm of Zot
 83551 | Zot:5    | Got a warped lapis lazuli ring
 83566 | Zot:4    | Identified the ring "Lywnupeb" {*Contam MR+ Str+3} (You found it on level 5 of the Realm of Zot)
 83616 | Zot:4    | Gained mutation: Scrolls take you a little longer to read. [mutagenic glow]
 83804 | Zot:4    | Lost mutation: Scrolls take you a little longer to read. [potion of mutation]
 83804 | Zot:4    | Lost mutation: You have large cloven feet. [potion of mutation]
 83804 | Zot:4    | Lost mutation: Your flesh is cold resistant. (rC+) [potion of mutation]
 83804 | Zot:4    | Gained mutation: You are somewhat resistant to further mutation. [potion of mutation]
 83804 | Zot:4    | Gained mutation: Your mind is acute. (Int +2) [potion of mutation]
 83843 | Zot:5    | Noticed a golden dragon
 83857 | Zot:5    | Killed a golden dragon
 84186 | Zot:5    | Noticed a golden dragon
 84200 | Zot:5    | Killed a golden dragon
 84283 | Zot:5    | Noticed a tentacled monstrosity
 84300 | Zot:5    | Killed a tentacled monstrosity
 84350 | Zot:5    | Noticed an Orb Guardian
 84363 | Zot:5    | Killed an Orb Guardian
 84366 | Zot:5    | Noticed an Orb Guardian
 84367 | Zot:5    | Noticed an Orb Guardian
 84376 | Zot:5    | Killed an Orb Guardian
 84378 | Zot:5    | Killed an Orb Guardian
 84389 | Zot:5    | Noticed an Orb Guardian
 84389 | Zot:5    | Noticed an Orb Guardian
 84407 | Zot:5    | Killed an Orb Guardian
 84417 | Zot:5    | Killed an Orb Guardian
 84495 | Zot:5    | Noticed an Orb Guardian
 84495 | Zot:5    | Noticed an Orb Guardian
 84515 | Zot:5    | Killed an Orb Guardian
 84517 | Zot:5    | Killed an Orb Guardian
 84978 | Temple   | Fell from the grace of Uskayaw
 84978 | Temple   | Became a worshipper of Hepliaklqana the Forgotten
 84983 | Temple   | Fell from the grace of Hepliaklqana
 84983 | Temple   | Became a worshipper of Uskayaw the Reveler
 86105 | Zot:5    | Noticed an Orb Guardian
 86126 | Zot:5    | Killed an Orb Guardian
 86130 | Zot:5    | Noticed an ancient lich
 86158 | Zot:5    | Killed an ancient lich
 86585 | Zot:5    | Noticed an Orb Guardian
 86601 | Zot:5    | Killed an Orb Guardian
 87010 | Vaults:3 | Bought 2 scrolls of fog for 80 gold pieces
 87443 | Zot:5    | Noticed an Orb Guardian
 87459 | Zot:5    | Killed an Orb Guardian
 87464 | Zot:5    | Noticed an orb of fire
 87466 | Zot:5    | Gained mutation: You are clumsy. (Dex -2) [an orb of fire]
 87520 | Zot:5    | Killed an orb of fire
 87799 | Zot:5    | Noticed an ancient lich
 87830 | Zot:5    | Killed an ancient lich
 88250 | Temple   | Fell from the grace of Uskayaw
 88250 | Temple   | Became a worshipper of Hepliaklqana the Forgotten
 88258 | Temple   | Fell from the grace of Hepliaklqana
 88258 | Temple   | Became a worshipper of Uskayaw the Reveler
 88700 | Zot:5    | Noticed an electric golem
 88701 | Zot:5    | Noticed an electric golem
 88733 | Zot:4    | Killed an electric golem
 88942 | Zot:5    | Killed an electric golem
 89490 | Zot:5    | Noticed a curse toe
 89492 | Zot:5    | Noticed a Killer Klown
 89521 | Zot:5    | Killed a Killer Klown
 89546 | Zot:5    | Killed a curse toe
 89941 | Zot:5    | Noticed a Killer Klown
 89952 | Zot:5    | Killed a Killer Klown
 90374 | Zot:5    | Noticed an ancient lich
 90400 | Zot:5    | Killed an ancient lich
 91012 | Zot:5    | Noticed a Killer Klown
 91042 | Zot:5    | Killed a Killer Klown
 91096 | Zot:5    | Noticed an ancient lich
 91118 | Zot:5    | Killed an ancient lich
 91263 | Zot:5    | Noticed an Orb Guardian
 91279 | Zot:5    | Killed an Orb Guardian
 91291 | Zot:5    | Noticed an Orb Guardian
 91314 | Zot:5    | Killed an Orb Guardian
 91352 | Zot:5    | Noticed an Orb Guardian
 91374 | Zot:5    | Killed an Orb Guardian
 91387 | Zot:5    | Noticed an Orb Guardian
 91409 | Zot:5    | Killed an Orb Guardian
 91881 | Temple   | Fell from the grace of Uskayaw
 91881 | Temple   | Became a worshipper of Hepliaklqana the Forgotten
 91886 | Temple   | Fell from the grace of Hepliaklqana
 91886 | Temple   | Became a worshipper of Uskayaw the Reveler
 92350 | Zot:5    | Noticed an Orb Guardian
 92376 | Zot:5    | Killed an Orb Guardian
 92472 | Zot:5    | Noticed an Orb Guardian
 92480 | Zot:5    | Noticed an Orb Guardian
 92492 | Zot:5    | Killed an Orb Guardian
 92493 | Zot:5    | Killed an Orb Guardian
 92506 | Zot:5    | Noticed an Orb Guardian
 92507 | Zot:5    | Noticed an Orb Guardian
 92522 | Zot:5    | Killed an Orb Guardian
 92534 | Zot:5    | Killed an Orb Guardian
 92562 | Zot:5    | Noticed an orb of fire
 92572 | Zot:5    | Lost mutation: Your mind is acute. (Int +2) [an orb of fire]
 92615 | Zot:5    | Killed an orb of fire
 92616 | Zot:5    | Noticed an Orb Guardian
 92646 | Zot:5    | Killed an Orb Guardian
 92825 | Zot:5    | Noticed an Orb Guardian
 92845 | Zot:5    | Killed an Orb Guardian
 92849 | Zot:5    | Noticed an Orb Guardian
 92869 | Zot:5    | Killed an Orb Guardian
 92917 | Zot:5    | Noticed an Orb Guardian
 92935 | Zot:5    | Killed an Orb Guardian
 92949 | Zot:5    | Noticed an orb of fire
 92997 | Zot:5    | Gained mutation: Scrolls take you a little longer to read. [an orb of fire]
 93000 | Zot:5    | Killed an orb of fire
 93098 | Zot:5    | Noticed an Orb Guardian
 93120 | Zot:5    | Killed an Orb Guardian
 93193 | Zot:5    | Noticed an Orb Guardian
 93208 | Zot:5    | Killed an Orb Guardian
 94216 | Temple   | Fell from the grace of Uskayaw
 94216 | Temple   | Became a worshipper of Hepliaklqana the Forgotten
 94222 | Temple   | Fell from the grace of Hepliaklqana
 94222 | Temple   | Became a worshipper of Uskayaw the Reveler
 94680 | Zot:3    | Lost mutation: You are clumsy. (Dex -2) [potion of mutation]
 94680 | Zot:3    | Lost mutation: You are somewhat resistant to further mutation. [potion of mutation]
 94680 | Zot:3    | Lost mutation: Scrolls take you a little longer to read. [potion of mutation]
 94680 | Zot:3    | Gained mutation: Your spells are a little easier to cast, but a little less powerful. [potion of mutation]
 94680 | Zot:3    | Gained mutation: You are resistant to hostile enchantments. (MR+) [potion of mutation]
 95211 | Zot:5    | Got the Orb of Zot
 95297 | Zot:3    | Noticed an Orb Guardian
 95320 | Zot:3    | Killed an Orb Guardian
 95492 | Depths:3 | Noticed Daxkeoqo the pandemonium lord
 95601 | D:14     | Noticed an Orb Guardian
 95801 | D:4      | Noticed Yddo the pandemonium lord
 95943 | D:1      | Noticed an Orb Guardian
 95944 | D:1      | Noticed a Brimstone Fiend
 95951 | D:$      | Escaped with the Orb!

Skill      XL: |  1  2  3  4  5  6  7  8  9 10 11 12 13 14 15 16 17 18 |
---------------+-------------------------------------------------------+-----
Fighting       | 1 2 3 4 5 6 8 9 10 11 13 14 15 17 19 21 | 21.0
Short Blades   | 2 3 4 5 6 7 9 10 12 13 14 | 14.7
Armour         | 2 4 6 7 9 11 13 14 15 16 17 18 | 18.1
Invocations    | 1 3 4 6 7 9 10 11 12 13 14 | 14.7
Shields        | 2 4 8 11 13 15 | 15.0
Dodging        | 3 6 8 9 10 | 10.0
Evocations     | 2 5 6 |  6.0
Stealth        | |  2.4
Spellcasting   | |  1.3
Hexes          | |  2.0

Action                   |  1- 3 |  4- 6 |  7- 9 | 10-12 | 13-15 | 16-18 || total
-------------------------+-------+-------+-------+-------+-------+-------++-------
Melee: Dagger            |   153 |   240 |       |       |       |       ||   393
       Headbutt          |    18 |    38 |    61 |   199 |   358 |  2185 ||  2859
       Rapier            |       |     6 |   439 |   769 |       |       ||  1214
       Quick blade       |       |       |       |   157 |  1924 |  8178 || 10259
Throw: Throwing net      |       |       |       |       |       |     6 ||     6
Invok: Line Pass         |       |       |     3 |     5 |     3 |     3 ||    14
       Stomp             |       |       |       |       |       |     1 ||     1
       Grand Finale      |       |       |       |       |       |     2 ||     2
Evoke: Wand              |       |       |       |     8 |    10 |    52 ||    70
       Box of beasts     |       |       |       |       |       |     1 ||     1
       Phial of floods   |       |       |       |       |       |     2 ||     2
  Use: Scroll            |     1 |       |     7 |    12 |    19 |    50 ||    89
       Potion            |       |       |       |       |       |    16 ||    16
 Stab: Paralysed         |       |       |    12 |    49 |   117 |   549 ||   727
       Confused          |       |       |     1 |     1 |       |     3 ||     5
       Distracted        |       |       |       |       |       |     2 ||     2
       Held in net/web   |       |       |       |       |       |     2 ||     2
  Eat: Chunk             |     2 |     7 |    18 |    24 |    34 |    91 ||   176
       Ration            |       |       |       |     1 |     4 |    38 ||    43
Armor: Scale mail        |    66 |    91 |   161 |   277 |   330 |       ||   925
       Plate armour      |       |       |       |       |   110 |  1197 ||  1307
       Storm dragon scal |       |       |       |       |       |   331 ||   331
       Skin              |       |       |       |       |       |    11 ||    11
Dodge: Dodged            |    65 |   112 |   195 |   265 |   406 |  1272 ||  2315
Block: Buckler           |       |       |    39 |   102 |    60 |       ||   201
       Shield            |       |       |       |       |   276 |  2547 ||  2823
